 Seeded DCSS version 0.29.1-1-gd02db6906a (webtiles) character file.

Game seed: 20221014 (custom seed)

185 Nerdsrcool the Trooper (level 5, -1/48 HPs)
             Began as a Minotaur Abyssal Knight on Oct 14, 2022.
             Was a Believer of Lugonu.
             Killed from afar by a white imp (7 damage)
             ... with a puff of frost
             ... on level 6 of the Dungeon.
             The game lasted 00:26:10 (2310 turns).

Nerdsrcool the Trooper (Minotaur Abyssal Knight)    Turns: 2310, Time: 00:26:10

Health: -1/48      AC: 12    Str: 20    XL:     5   Next: 37%
Magic:  5/5        EV: 21    Int:  7    God:    Lugonu [**....]
Gold:   120        SH:  0    Dex: 10    Spells: 4/4 levels left

rFire   . . .      SeeInvis .   a - +1 spear
rCold   . . .      Faith    .   (no shield)
rNeg    . . .      Spirit   .   b - +1 plate armour
rPois   .          Reflect  .   (helmet restricted)
rElec   .          Harm     .   (no cloak)
rCorr   .          Rampage  .   (no gloves)
Will    .....                   (no boots)
Stlth   ..........              h - amulet of the acrobat
HPRegen 0.16/turn               (no ring)
MPRegen 0.09/turn               (no ring)

@: acrobatic
A: horns 2, retaliatory headbutt
a: Renounce Religion, Depart the Abyss, Bend Space


You were on level 6 of the Dungeon.
You worshipped Lugonu.
Lugonu was pleased with you.
You visited 1 branch of the dungeon, and saw 4 of its levels.
You visited the Abyss 1 time.

You collected 120 gold pieces.

Inventory:

Hand Weapons
 a - a +1 spear (weapon)
 f - a +1 dagger of freezing
 k - a +1 dagger of speed
Armour
 b - a +1 plate armour (worn)
 e - a +1 robe of positive energy
Jewellery
 h - an amulet of the acrobat (around neck)
Scrolls
 c - a scroll of fear
 j - 2 scrolls of identify
 m - a scroll of fog
 n - a scroll of noise
Potions
 g - 2 potions of degeneration {unknown}
 l - a potion of brilliance


   Skills:
 + Level 5.2 Fighting
 + Level 4.5 Polearms
 + Level 3.5 Armour
 + Level 1.8 Dodging
 + Level 2.1 Invocations


You had 4 spell levels left.
You didn't know any spells.
Your spell library contained the following spells:

 Spells                   Type           Power      Damage    Failure   Level
 Animate Armour           Summ/Erth      0%         N/A       100%        4
 Blade Hands              Tmut           0%         N/A       100%        5
 Iron Shot                Conj/Erth      0%         9d1       100%        6


Dungeon Overview and Level Annotations

Branches:
Dungeon (3/15)

Altars:

Shops:
D:2 =


Innate Abilities, Weirdness & Mutations

You have a pair of horns on your head.
You reflexively headbutt those who attack you in melee.


Message History

a - a +1 spear (weapon)
Your branches tingle!
k - a +1 dagger of speed (weapon)
a - a +1 spear (weapon)
Your branches tingle!
k - a +1 dagger of speed (weapon)
a - a +1 spear (weapon)
Your branches tingle!
k - a +1 dagger of speed (weapon)
a - a +1 spear (weapon)
Your branches tingle!
k - a +1 dagger of speed (weapon)
You start resting.
Your transformation is almost over.
A black bear is nearby!
a - a +1 spear (weapon)
You feel less wooden.
Your +1 plate armour unmelds from your body.
Found 2 javelins.
Unknown command.
You are too injured to fight recklessly!
The black bear bites you.
* * * LOW HITPOINT WARNING * * *
The black bear closely misses you.
The black bear claws you but does no damage.
The black bear barely misses you. The black bear misses you.
The black bear claws you.
* * * LOW HITPOINT WARNING * * *
The black bear attacks as you move away!
The black bear completely misses you.
The black bear claws you but does no damage.
The black bear completely misses you. The white imp puffs mist at you.
The white imp gestures at you. The puff of frost hits you.
* * * LOW HITPOINT WARNING * * *
The white imp shouts, "Scamper home, thou wayward hasty-witted cloven-toed!"
The white imp gestures at you. The puff of frost hits you!
You die...

#..........#
###.........(#
.............##
#...........#
########...........#
.................#.#
.............5.....#
#######.........h.##
###............@##
##...###.........#
...### #.........#
.### #.........# .#
#.........# ..#
#.......#.# #...
###.##.##.# ####
..##.#..# .# #


You could see a black bear and a white imp.

Vanquished Creatures
  A bullfrog (D:6)
  Jessica (D:2)
  4 adders
  A worm (D:2)
  3 ball pythons
  2 endoplasms
  A giant cockroach (D:1)
  5 hobgoblins
  6 jackals
  5 quokkas
  6 bats
  2 frilled lizards (D:2)
  10 goblins
  4 kobolds
  4 rats
55 creatures vanquished.

Vanquished Creatures (others)
  7 withered plants (D:3)
7 creatures vanquished.

Grand Total: 62 creatures vanquished

Notes
Turn   | Place    | Note
-------+----------+-------------------------------------------
     0 | Abyss:1  | Nerdsrcool the Minotaur Abyssal Knight began the quest for
                  | the Orb.
     0 | Abyss:1  | Reached XP level 1. HP: 19/19 MP: 1/1
     2 | Abyss:1  | Found a corrupted altar of Lugonu.
   102 | Abyss:1  | Noticed a large abomination
   165 | Abyss:2  | Noticed a large abomination
   165 | D:1      | Escaped the Abyss
   302 | D:1      | Reached skill level 4 in Fighting
   302 | D:1      | Reached XP level 2. HP: 27/27 MP: 2/2
   320 | D:1      | Reached ** piety under Lugonu
   793 | D:2      | Reached XP level 3. HP: 29/34 MP: 3/3
  1071 | D:2      | Found Ziuvuw's Jewellery Shop.
  1622 | D:2      | Reached XP level 4. HP: 40/41 MP: 4/4
  1684 | D:2      | Noticed Jessica
  1690 | D:2      | Killed Jessica
  1861 | D:3      | Found a faded altar of an unknown god.
  1959 | D:3      | Reached skill level 5 in Fighting
  2155 | D:3      | You fall into a shaft and drop 3 floors!
  2216 | D:6      | Noticed a bullfrog
  2218 | D:6      | Noticed a black bear
  2227 | D:6      | Noticed a water moccasin
  2249 | D:6      | Killed a bullfrog
  2250 | D:6      | Reached XP level 5. HP: 22/48 MP: 5/5
  2310 | D:6      | Killed from afar by a white imp

Illustrated notes

Levels and vault maps discovered:
D:1:      scummos_arrival_checkerplants, layout_rooms
D:2:      layout_basic, serial_shops, nicolae_diamond_shop, uniq_jessica
D:3:      layout_basic, ebering_ecumenical_altar_petrified,
          minmay_misc_feat_room, eino_tiny_chamber, uniq_ijyb
D:6:      layout_rooms, mainiacjoe_overflow_catwalk_spiral,
          gup_sewer_entry_glass

Skill      XL: |  1  2  3  4 |
---------------+-------------+-----
Fighting       | 4 5 |  5.2
Invocations    | 2 |  2.1
Polearms       | 3 4 |  4.5
Armour         | 3 |  3.5
Dodging        | |  1.8

Action                   |  1- 3 |  4- 6 || total
-------------------------+-------+-------++-------
Melee: Spear             |   107 |    67 ||   174
       Headbutt          |    16 |    14 ||    30
       Punch             |       |     1 ||     1
Invok: Depart the Abyss  |     1 |       ||     1
  Use: Scroll            |     6 |     5 ||    11
       Potion            |       |     2 ||     2
Armor: Leather armour    |     6 |       ||     6
       Plate armour      |    21 |    31 ||    52
       Ring mail         |     2 |       ||     2
       Skin              |       |    12 ||    12
Dodge: Dodged            |    36 |    33 ||    69
